Map: Acropolis LE

Players

HeRoMaRinE - Winner!

  • Race: Terran Terran
  • Spawn Location: 11:00

Zanster

  • Race: Zerg Zerg
  • Spawn Location: 5:00

Event: 2019 WCS Summer

VOD

Have the link to the VOD?

Description

Time

  • Played on: July 12, 2019, 1:47 p.m.
  • Length: 14:46

All games in this series

Show
View Real Time Build Order
Export as new Build Order

HeRoMaRinE Terran - Winner!

Build Orders: Hellion Opening, Reaper Expand 

Get SALT Encoding   

  12  0:00  SCV  
  13  0:12  SCV  
  14  0:17  Supply Depot  
  14  0:24  SCV  
  15  0:39  SCV  
  15  0:41  Barracks  
  16  0:43  Refinery  
  16  0:51  SCV  
  17  1:03  SCV  
  18  1:15  SCV  
  19  1:28  Orbital Command, Reaper  
  20  1:42  Command Center  
  20  1:50  Supply Depot  
  20  1:53  SCV  
  21  1:59  Marine  
  22  2:05  SCV  
  23  2:10  Factory  
  23  2:17  SCV  
  23  2:21  Refinery  
  24  2:23  Barracks Reactor  
  25  2:30  SCV  
  25  2:42  SCV  
  26  2:53  Orbital Command  
  26  2:54  SCV  
  26  2:57  Starport  
  27  3:06  SCV, Hellion x2  
  27  3:07  Marine  
  33  3:18  SCV, Supply Depot  
  33  3:19  SCV  
  35  3:27  Hellion x2  
  35  3:30  SCV  
  35  3:31  SCV  
  41  3:35  Fusion Core  
  41  3:36  Starport Tech Lab  
  41  3:42  SCV  
  41  3:43  SCV  
  43  3:49  Hellion x2  
  43  3:52  Supply Depot  
  43  3:55  SCV x2  
  49  4:07  SCV x2  
  51  4:19  SCV x2  
  51  4:22  Battlecruiser  
  59  4:26  Supply Depot  
  59  4:32  Command Center  
  59  4:34  SCV x2  
  60  4:47  Refinery, SCV x2  
  60  4:48  Refinery  
  60  4:50  Factory Tech Lab  
  60  4:52  Supply Depot  
  64  4:55  Supply Depot  
  64  4:59  SCV x2  
  64  5:08  Weapon Refit  
  64  5:10  Hellion x2  
  64  5:11  SCV x2  
  70  5:18  Supply Depot  
  70  5:23  SCV  
  70  5:24  SCV  
  72  5:30  Battlecruiser  
  72  5:31  Hellion  
  72  5:32  Hellion  
  80  5:36  SCV x2  
  82  5:46  Orbital Command  
  82  5:48  SCV  
  83  5:55  Factory x2  
  87  5:57  Hellion x2  
  87  5:58  SCV  
  87  6:00  SCV  
  89  6:08  Orbital Command  
  89  6:11  SCV  
  90  6:12  SCV  
  90  6:13  Armory  
  90  6:14  Armory  
  90  6:29  SCV x2  
  91  6:33  Refinery x2  
  91  6:35  Engineering Bay  
  91  6:38  SCV  
  92  6:40  Factory Tech Lab  
  92  6:41  Factory Tech Lab, SCV x2, Battlecruiser  
  94  6:50  SCV  
  94  6:52  Hellion  
  94  6:53  SCV x2, Hellion  
  101  7:01  Missile Turret  
  101  7:02  Missile Turret  
  101  7:03  SCV, Missile Turret  
  101  7:05  Cyclone  
  101  7:06  Cyclone  
  108  7:17  Terran Vehicle And Ship Armor Level 1, Terran Vehicle Weapons Level 1  
  108  7:19  Supply Depot x2  
  108  7:25  Widow Mine x2  
  112  7:30  SCV x2, Factory  
  112  7:31  Factory  
  113  7:37  Cyclone  
  113  7:40  Cyclone  
  118  7:46  Missile Turret, Supply Depot  
  118  7:57  Command Center, Hellion x2  
  122  8:03  Infernal Pre-Igniter  
  122  8:06  Battlecruiser  
  122  8:10  Cyclone  
  131  8:14  Factory Reactor  
  131  8:16  Hellion  
  131  8:19  Factory Tech Lab  
  135  8:20  Hellion x2  
  135  8:25  SCV  
  135  8:26  SCV  
  139  8:28  Supply Depot x3  
  139  8:40  Cyclone x2  
  145  8:42  Cyclone  
  148  8:52  Missile Turret  
  148  8:53  Sensor Tower  
  148  8:59  SCV x2  
  148  9:00  SCV  
  148  9:02  Hellion x4  
  159  9:06  Mag-Field Accelerator  
  159  9:12  Siege Tank x2  
  159  9:13  SCV x3  
  168  9:25  Terran Vehicle Weapons Level 2, Terran Vehicle And Ship Armor Level 2, SCV  
  168  9:28  Missile Turret  
  168  9:29  Refinery  
  169  9:32  Siege Tank  
  169  9:33  Refinery  
  172  9:40  Planetary Fortress  
  172  9:57  Cyclone x2  
  172  9:58  Hellion x2  
  172  9:59  Hellion x2  
  186  10:03  Command Center  
  186  10:04  Cyclone  
  175  10:20  Hellion x2  
  165  10:23  Factory x2  
  165  10:24  Hellion  
  165  10:28  Command Center  
  167  10:29  SCV x3, Cyclone  
  167  10:34  Cyclone  
  176  10:37  Factory  
  176  10:46  Cyclone  
  176  10:48  Hellion  
  181  11:01  Cyclone  
  184  11:06  Cyclone  
  184  11:09  Factory Tech Lab, Factory Reactor  
  187  11:18  Cyclone  
  187  11:24  Factory Tech Lab  
  190  11:31  Siege Tank  
  193  11:33  Cyclone  
  193  11:38  Cyclone  
  189  11:42  Hellion  
  189  11:44  Hellion  
  189  11:45  Hellion  
  182  11:50  Cyclone x2  
  182  11:51  Hellion x2  
  183  11:55  Hellion  
  183  11:56  Orbital Command  
  168  12:02  Terran Vehicle Weapons Level 3, Terran Vehicle And Ship Armor Level 3  
  168  12:03  Hellion  
  168  12:05  Cyclone  
  168  12:06  Hellion x2, Planetary Fortress  
  172  12:10  Cyclone  
  172  12:14  Hellion x2  
  179  12:19  Hellion  
  179  12:21  Cyclone  
  179  12:22  Cyclone  
  184  12:23  Cyclone  
  184  12:27  Hellion  
  189  12:30  Missile Turret  
  189  12:31  Refinery, Missile Turret  
  189  12:35  Refinery  
  189  12:37  Siege Tank  
  189  12:39  Hellion  
  189  12:42  Siege Tank  
  189  12:44  Hellion  
  171  12:58  Hellion  
  171  12:59  Hellion  
  171  13:00  Hellion x2  
  171  13:03  Siege Tank  
  171  13:04  Hellion  
  171  13:05  Cyclone  
  175  13:06  Hellion  
  175  13:08  SCV x2  
  175  13:09  SCV x3, Cyclone  
  175  13:11  SCV  
  180  13:14  Cyclone  
  177  13:20  Siege Tank, SCV, Hellion  
  177  13:25  Hellion  
  182  13:35  Cyclone  
  182  13:37  Cyclone  
  182  13:41  Cyclone  
  182  13:45  Hellion x2  
  182  13:47  Hellion, Cyclone  
  182  13:48  Hellion x2  
  198  14:03  Command Center x2  
  180  14:18  Hellion x2  
  180  14:19  Hellion x4  
  180  14:24  Hellion x2  
Show
View Real Time Build Order
Export as new Build Order

Zanster Zerg 

Build Orders: Hatch First, Roach Hydra 

Get SALT Encoding   

  12  0:00  Drone  
  13  0:12  Overlord  
  13  0:17  Drone  
  14  0:30  Drone x2  
  16  0:48  Hatchery  
  15  0:50  Drone  
  15  0:54  Drone  
  17  0:58  Drone  
  18  1:09  Extractor  
  17  1:13  Spawning Pool  
  17  1:15  Drone  
  17  1:19  Drone  
  18  1:28  Drone  
  19  1:39  Drone  
  20  1:50  Drone  
  21  2:00  Queen x2  
  25  2:01  Zergling x4  
  27  2:10  Metabolic Boost  
  27  2:15  Overlord  
  27  2:16  Drone  
  28  2:33  Drone  
  28  2:34  Drone x2  
  28  2:35  Drone  
  30  2:38  Queen  
  30  2:42  Overlord  
  31  2:48  Drone  
  32  2:56  Overlord  
  32  3:02  Drone  
  32  3:03  Hatchery  
  32  3:06  Drone x2  
  32  3:10  Drone  
  35  3:15  Drone x4  
  35  3:18  Zergling x2  
  40  3:20  Drone  
  40  3:24  Drone  
  42  3:38  Lair, Overlord  
  42  3:48  Drone  
  43  3:51  Extractor  
  43  3:53  Overlord  
  42  3:56  Drone, Queen  
  42  3:58  Drone  
  42  3:59  Drone x5  
  51  4:09  Overlord  
  51  4:13  Drone  
  52  4:17  Drone  
  52  4:19  Queen  
  52  4:23  Zergling x2  
  52  4:24  Zergling x4  
  58  4:25  Drone x2  
  58  4:26  Drone  
  58  4:27  Drone  
  58  4:28  Drone x2  
  64  4:32  Queen  
  64  4:34  Overlord  
  64  4:37  Drone x2  
  68  4:41  Spire  
  68  4:43  Extractor  
  68  4:45  Overseer, Extractor  
  65  4:46  Drone x2  
  65  4:47  Queen  
  65  4:50  Drone  
  70  4:54  Drone  
  70  4:55  Spore Crawler x2  
  67  5:02  Zergling x8  
  70  5:07  Zergling x8  
  70  5:12  Overlord  
  70  5:14  Drone x2, Spore Crawler  
  76  5:16  Drone  
  76  5:17  Drone  
  76  5:18  Drone  
  78  5:22  Drone  
  78  5:28  Drone  
  79  5:30  Drone x2  
  79  5:31  Drone x3  
  83  5:41  Overlord  
  83  5:44  Extractor  
  83  5:45  Extractor  
  83  5:49  Zergling x10  
  86  5:52  Overlord  
  85  6:01  Mutalisk x6  
  85  6:03  Overlord  
  97  6:06  Roach Warren  
  97  6:07  Drone  
  97  6:08  Drone  
  97  6:09  Overlord  
  98  6:11  Drone  
  98  6:12  Drone  
  98  6:16  Drone  
  100  6:25  Drone  
  100  6:29  Drone x7  
  105  6:33  Evolution Chamber x2  
  105  6:34  Drone x4  
  107  6:40  Drone  
  107  6:45  Overlord  
  108  6:50  Glial Reconstitution  
  108  7:01  Roach x3  
  108  7:02  Roach x4  
  108  7:03  Hatchery  
  108  7:06  Zerg Missile Weapons Level 1, Zerg Melee Weapons Level 1  
  108  7:07  Roach  
  123  7:09  Overlord  
  123  7:14  Roach x3  
  129  7:21  Overlord  
  129  7:22  Overlord  
  129  7:28  Overlord  
  129  7:40  Drone x13  
  142  7:49  Hydralisk Den  
  141  7:55  Hatchery  
  140  8:04  Hydralisk Den  
  139  8:06  Drone  
  139  8:10  Overlord x5  
  139  8:26  Hydralisk x14  
  167  8:28  Muscular Augments  
  167  8:29  Baneling Nest  
  167  8:30  Hydralisk  
  167  8:32  Hydralisk x2  
  172  8:44  Hydralisk x7  
  186  8:54  Infestation Pit  
  185  8:58  Zergling x22  
  185  9:00  Ravager x3  
  199  9:14  Zerg Missile Weapons Level 2, Zerg Melee Weapons Level 2  
  199  9:17  Evolution Chamber  
  198  9:24  Baneling x25  
  196  9:37  Zergling x12  
  200  9:43  Spore Crawler  
  200  9:44  Spore Crawler x2  
  184  9:53  Hydralisk x6  
  184  9:54  Hydralisk x3  
  193  10:00  Grooved Spines  
  193  10:03  Drone x5  
  193  10:04  Drone x2  
  193  10:05  Extractor  
  193  10:06  Extractor  
  186  10:07  Extractor  
  186  10:08  Extractor  
  186  10:11  Drone x2  
  186  10:12  Drone x4  
  184  10:19  Hydralisk x7, Zergling x2  
  184  10:20  Zergling x6  
  199  10:32  Centrifical Hooks  
  199  10:45  Pathogen Glands  
  199  10:46  Hive  
  199  11:04  Zergling x2  
  200  11:17  Overseer  
  193  11:32  Zergling x2  
  193  11:33  Zergling x14  
  193  11:34  Zerg Ground Armor Level 1  
  194  11:43  Zergling x22, Hydralisk  
  188  11:52  Hydralisk x12  
  188  11:53  Zergling x2  
  199  11:59  Drone x4  
  199  12:01  Zerg Missile Weapons Level 3, Zerg Melee Weapons Level 3  
  199  12:02  Adrenal Glands  
  199  12:03  Greater Spire  
  199  12:06  Drone x7  
  194  12:08  Spire  
  193  12:18  Hatchery  
  193  12:20  Burrow  
  192  12:23  Zergling x2  
  192  12:24  Zergling x14  
  199  12:30  Baneling x8  
  195  12:49  Infestor x5  
  189  12:54  Hydralisk x9  
  189  12:55  Zergling x4  
  185  13:02  Hydralisk  
  185  13:03  Hydralisk x3  
  185  13:04  Zergling x4  
  169  13:08  Hydralisk x2  
  159  13:14  Roach  
  159  13:15  Roach x2  
  159  13:16  Roach  
  159  13:17  Roach  
  148  13:22  Overlord  
  148  13:23  Baneling  
  148  13:24  Baneling x7  
  148  13:25  Roach x2  
  151  13:40  Hydralisk x6, Roach  
  149  13:46  Hydralisk x3  
  146  13:53  Drone x9  
  150  14:15  Hydralisk x3, Roach x10  
  151  14:19  Roach x4  
Tags
 
Add a new tag
Caveats
  • Supply blocks, unpowered buildings, or Contaminate may cause inaccurate times.
  • Supply counts are checked every 10 seconds.